 Dungeon Crawl Stone Soup version 0.28-a0-1227-ga9037bb4c8 (webtiles) character file.

Game seed: 8434877156104850490

8561 oldriver the Frost Mage (level 11, -8/68 HPs)
             Began as a Kobold Ice Elementalist on Dec 23, 2021.
             Was a Believer of Qazlal.
             Mangled by a komodo dragon (19 damage)
             ... on level 1 of the Lair of Beasts.
             The game lasted 00:25:18 (14388 turns).

oldriver the Frost Mage (Kobold Ice Elementalist)  Turns: 14388, Time: 00:25:19

Health: -8/68      AC: 17    Str:  8    XL:     11   Next: 58%
Magic:  10/26      EV: 16    Int: 18    God:    Qazlal [**....]
Gold:   629        SH:  3    Dex: 16    Spells: 14/32 levels left

rFire   . . .      SeeInvis .   E - +4 short sword (freeze)
rCold   . . .      Faith    .   (shield restricted)
rNeg    . . .      Spirit   .   o - +1 robe {Archmagi}
rPois   +          Reflect  .   (no helmet)
rElec   .          Harm     .   u - +1 cloak
rCorr   .          Rampage  .   (no gloves)
Will    .....      Archmagi +   G - +1 pair of boots
Stlth   +++.......              (no amulet)
HPRegen 0.21/turn               k - ring of poison resistance
MPRegen 0.20/turn               a - ring of wizardry

@: ice-armoured, freezing walls
A: small, no large weapons, nightstalker 3
a: Renounce Religion, Upheaval


You were on level 1 of the Lair of Beasts.
You worshipped Qazlal.
Qazlal was pleased with you.
You visited 3 branches of the dungeon, and saw 11 of its levels.

You collected 629 gold pieces.

Inventory:

Hand Weapons
 b - a +2 short sword of holy wrath
 E - a +4 short sword of freezing (weapon)
Armour
 i - +0 acid dragon scales
 o - a +1 robe of the Archmagi (worn)
 u - a +1 cloak (worn)
 w - the +1 robe "Metoan" {rC+ Stlth+}
   (You found it on level 5 of the Dungeon)

   rC:        It protects you from cold.
   Stlth:     It makes you more stealthy.
 G - a +1 pair of boots (worn)
Jewellery
 a - a ring of wizardry (right hand)
 j - a +4 ring of protection
 k - a ring of poison resistance (left hand)
 H - a ring of magical power
 J - a +4 ring of evasion
Wands
 f - a wand of flame (22)
 C - a wand of iceblast (15)
 K - a wand of digging (5)
Scrolls
 e - a scroll of holy word
 m - a scroll of brand weapon
 p - 7 scrolls of identify
 r - a scroll of enchant armour
 x - 5 scrolls of teleportation {unknown}
 y - a scroll of fog {unknown}
 B - a scroll of silence {unknown}
 D - a scroll of noise {unknown}
 F - 2 scrolls of vulnerability {unknown}
 L - a scroll of enchant weapon
Potions
 c - 2 potions of haste
 d - a potion of curing
 g - 5 potions of degeneration {unknown}
 h - a potion of ambrosia {unknown}
 l - a potion of might {unknown}
 n - a potion of attraction {unknown}
 q - 3 potions of resistance {unknown}
 s - 2 potions of flight
 t - a potion of cancellation {unknown}
 v - a potion of lignification {unknown}
 z - a potion of magic {unknown}
 A - 2 potions of invisibility {unknown}


   Skills:
 * Level 7.8 Fighting
 + Level 3.9 Short Blades
 + Level 3.9 Dodging
 - Level 2.6 Stealth
 + Level 1.3 Shields
 + Level 11.1 Spellcasting
 + Level 1.2 Conjurations
 * Level 11.2 Ice Magic


You had 14 spell levels left.
You knew the following spells:

 Your Spells              Type           Power      Damage    Failure   Level
a - Freeze                Ice            100%       1d11      1%          1
b - Frozen Ramparts       Ice            100%       1d12      1%          3
c - Ozocubu's Armour      Ice            66%        N/A       1%          3
d - Hailstorm             Conj/Ice       48%        3d11      2%          4
e - Ozocubu's Refrigerat  Ice            33%        4d11      24%         7

Your spell library contained the following spells:

 Spells                   Type           Power      Damage    Failure   Level
 Gell's Gravitas          Tloc           14%        N/A       9%          3
 Lesser Beckoning         Tloc           14%        N/A       9%          3
 Teleport Other           Tloc           14%        N/A       9%          3
 Polar Vortex             Ice            33%        N/A       100%        9


Dungeon Overview and Level Annotations

Branches:
Dungeon (9/15)             Temple (1/1) D:5            Lair (1/6) D:9
    Orc: D:9-12

Altars:
Elyvilon
Kikubaaqudgha
Makhleb
Nemelex Xobeh
Qazlal
Ru
Sif Muna
Uskayaw
Yredelemnul
The Shining One


Innate Abilities, Weirdness & Mutations

You are small and have problems with some larger weapons.
You are completely attuned to the shadows.


Message History

Okay, then.
Casting: Ozocubu's Armour (safe; 1% risk of failure)
Confirm with . or Enter, or press ? or * to list all spells.
You feel a surge of power! A film of ice covers your body!
Casting: Ozocubu's Armour (safe; 1% risk of failure)
Confirm with . or Enter, or press ? or * to list all spells.
Casting: Frozen Ramparts (safe; 1% risk of failure)
Press: ? - help, Dir - look around, f - activate You feel a surge of power!
The walls around you are covered in ice.
The wall freezes the komodo dragon.
The komodo dragon seems to slow down.
The komodo dragon barely misses you.
Casting: Frozen Ramparts (safe; 1% risk of failure)
Confirm with . or Enter, or press ? or * to list all spells.
Aiming: Freeze (safe; 1% risk of failure)
Press: ? - help, Shift-Dir - straight line, f - komodo dragon
Aim: a komodo dragon (lightly wounded, slow)
You feel a surge of power!
You freeze the komodo dragon.
The komodo dragon is lightly wounded.
The komodo dragon seems to slow down.
The wall freezes the komodo dragon.
The komodo dragon bites you.
* * * LOW HITPOINT WARNING * * *
Casting: Freeze (safe; 1% risk of failure)
Confirm with . or Enter, or press ? or * to list all spells.
Aiming: Freeze (safe; 1% risk of failure)
Press: ? - help, Shift-Dir - straight line, f/p - komodo dragon
Aim: a komodo dragon (lightly wounded, slow)
You feel a surge of power!
You freeze the komodo dragon!
The komodo dragon is moderately wounded.
Unknown command.
Casting: Freeze (safe; 1% risk of failure)
Confirm with . or Enter, or press ? or * to list all spells.
Aiming: Freeze (safe; 1% risk of failure)
Press: ? - help, Shift-Dir - straight line, f/p - komodo dragon
Aim: a komodo dragon (moderately wounded, slow)
You feel a surge of power!
You freeze the komodo dragon!
The komodo dragon is heavily wounded.
The komodo dragon seems to slow down.
The wall freezes the komodo dragon!
The komodo dragon bites you!!
You die...

**≈,,,,,,,,,,,..P###.#..#*,,*,**,
≈≈≈,,,,,,,,,,,...........,,,,,*,*
,,,,,,,,,,,,,,...........,,,,,,,,
,,,,,,,,,,,,,,...###.....,,,,,**,
,,,,,,,,,,,,.....##P.#...,,,,,***
,,,,,,,,,,,,.....#.......,*,,**
,,,,,,,,,,*##............,*,,*
,,,,,,,,,,,....§...†.....,*,,**
,,,,,,,,,,,.....@...†....,*,,,***
,,,,,,,,,***#..l###......,*,,,,,,
,,,,,,,,,* #....##......,,,,,,,,
,,,,,,,,,***#....##.....,,**,,,,,
,,,,,,,,***.............,,**,**,*
,,,,,*,,,*,.............,,,,,****
≈*,,,**,,**.............,,**,*
≈*,,,***,,*,............,,**,*
≈*,,,,**,,,,,..........,,***,*


You could see a komodo dragon (slow).

Vanquished Creatures
  A two-headed ogre (D:8)
  Pikel (D:7)
  A cyclops (D:9)
  Joseph (D:8)
  A rime drake (Lair:1)
  Psyche (D:8)
  A kobold demonologist (D:9)
  2 komodo dragons (D:9)
  A troll (D:9)
  Prince Ribbit (D:8)
  4 yaks (D:9)
  3 wyverns
  A basilisk (D:9)
  Eustachio (D:6)
  A steam dragon (D:8)
  2 acid dragons
  Duvessa (D:7)
  A hornet zombie (D:7)
  3 sky beasts
  A swamp drake (D:9)
  An ogre (D:7)
  A centaur (D:9)
  3 wolves (Lair:1)
  2 lemures (D:7)
  9 kobold brigands
  A bullfrog (D:9)
  3 water moccasin skeletons
  2 water moccasin zombies
  Dowan (D:7)
  9 killer bees
  5 wights (D:7)
  A howler monkey (D:9)
  A jelly (D:6)
  4 centaur zombies
  3 hounds
  A centaur skeleton (D:4)
  An orc priest (D:6)
  2 gnoll shamans
  2 bullfrog skeletons
  4 iguanas
  Natasha (thrice) (D:2)
  An orc wizard (D:8)
  A killer bee zombie (D:8)
  9 gnolls
  6 adders
  A shadow imp (D:6)
  A white imp (D:5)
  An ufetubus (D:5)
  An adder skeleton (D:5)
  2 dart slugs
  12 orcs
  7 endoplasms
  3 giant cockroaches
  8 goblins
  7 hobgoblins
  3 quokkas
  9 ball pythons
  5 bats
  3 frilled lizards
  26 kobolds
  6 rats
200 creatures vanquished.

Vanquished Creatures (others)
  A plant (Lair:1)
1 creature vanquished.

Grand Total: 201 creatures vanquished

Notes
Turn   | Place    | Note
-------+----------+-------------------------------------------
     0 | D:1      | oldriver the Kobold Ice Elementalist began the quest for
                  | the Orb.
     0 | D:1      | Reached XP level 1. HP: 10/10 MP: 3/3
   224 | D:1      | Reached XP level 2. HP: 11/16 MP: 2/5
   465 | D:1      | Reached skill level 1 in Fighting
   985 | D:1      | Reached XP level 3. HP: 20/20 MP: 4/7
  1353 | D:2      | Learned a level 3 spell: Frozen Ramparts
  1357 | D:2      | Learned a level 3 spell: Ozocubu's Armour
  1514 | D:2      | Noticed Natasha
  1519 | D:2      | Killed Natasha
  1520 | D:2      | Reached XP level 4. HP: 16/26 MP: 3/9
  1798 | D:2      | Noticed Natasha
  1804 | D:2      | Killed Natasha
  1968 | D:2      | Found a glowing golden altar of the Shining One.
  2090 | D:2      | Noticed Natasha
  2095 | D:2      | Killed Natasha
  2096 | D:2      | Reached XP level 5. HP: 22/30 MP: 8/11
  2538 | D:3      | Noticed an air elemental
  2539 | D:3      | Found a stormy altar of Qazlal.
  2542 | D:3      | Noticed a water elemental
  2542 | D:3      | Noticed a fire elemental
  2968 | D:3      | Noticed a sky beast
  2975 | D:3      | Killed a sky beast
  2976 | D:3      | Reached skill level 5 in Spellcasting
  2976 | D:3      | Reached XP level 6. HP: 3/36 MP: 7/14
  4272 | D:4      | Identified the +1 leather armour of Noughts and Crosses
                  | {Int+3}
  4827 | D:4      | Reached XP level 7. HP: 40/40 MP: 11/16
  5435 | D:5      | Entered Level 5 of the Dungeon
  5480 | D:5      | Reached skill level 5 in Ice Magic
  5922 | D:5      | Identified the +1 robe "Metoan" {rC+ Stlth+}
  6276 | D:5      | Found a staircase to the Ecumenical Temple.
  6283 | Temple   | Entered the Ecumenical Temple
  6697 | D:3      | Became a worshipper of Qazlal Stormbringer
  6964 | D:6      | Noticed Eustachio
  6973 | D:6      | Killed Eustachio
  6974 | D:6      | Reached XP level 8. HP: 36/46 MP: 11/18
  7726 | D:6      | Learned a level 4 spell: Hailstorm
  8294 | D:7      | Identified a scroll of acquirement
  8294 | D:7      | Acquired Funoc's Handbook of Snow
  8337 | D:7      | Noticed Dowan
  8343 | D:7      | Killed Dowan
  8352 | D:7      | Noticed Duvessa
  8368 | D:7      | Killed Duvessa
  8369 | D:7      | Reached XP level 9. HP: 5/52 MP: 6/21
  8690 | D:7      | Reached * piety under Qazlal
  9065 | D:7      | Reached skill level 5 in Fighting
  9599 | D:7      | Noticed Pikel
  9607 | D:7      | Killed Pikel
  9608 | D:7      | Reached skill level 1 in Short Blades
 10445 | D:8      | Noticed Psyche
 10619 | D:8      | Reached XP level 10. HP: 58/60 MP: 18/23
 10619 | D:8      | Noticed a two-headed ogre
 10629 | D:8      | HP: 1/60 [two-headed ogre (13)]
 10632 | D:8      | Killed a two-headed ogre
 11497 | D:8      | Noticed Prince Ribbit
 11502 | D:8      | Killed Prince Ribbit
 11664 | D:8      | Killed Psyche
 11665 | D:8      | Reached skill level 10 in Spellcasting
 12128 | D:8      | Noticed Joseph
 12153 | D:8      | Killed Joseph
 12386 | D:8      | Learned a level 7 spell: Ozocubu's Refrigeration
 12689 | D:9      | Reached ** piety under Qazlal
 12690 | D:9      | Reached skill level 10 in Ice Magic
 12748 | D:9      | Reached XP level 11. HP: 48/66 MP: 12/25
 13282 | D:9      | Noticed a cyclops
 13286 | D:9      | Killed a cyclops
 13287 | D:9      | Reached skill level 1 in Conjurations
 13582 | D:9      | Reached skill level 1 in Shields
 13759 | D:9      | Found a staircase to the Lair.
 14305 | Lair:1   | Entered Level 1 of the Lair of Beasts
 14388 | Lair:1   | Mangled by a komodo dragon

Illustrated notes

Levels and vault maps discovered:
D:1:      dpeg_arrival_connections, layout_loops_ring
D:2:      layout_loops_cross, basic_altar, uniq_natasha
D:3:      layout_basic, nicolae_qazlal_style_of_elements,
          chequers_serial_rivers_small_3, minmay_misc_feat_plants
D:4:      layout_basic
D:5:      layout_basic, lemuel_temple_firewalk_b
D:6:      wander_river, layout_cave_pools, uniq_eustachio
D:7:      layout_loops_corners, uniq_duvessa, uniq_pikel
D:8:      layout_basic, enter_bailey_5, uniq_psyche, uniq_joseph,
          uniq_prince_ribbit1
D:9:      layout_roguey, erik_lair_dragon
Temple:   mainiacjoe_temple_trianglar_array
Lair:1:   layout_gridlike, portal_ice_cave_entry_imps, minmay_lair_oklob_bushes

Skill      XL: |  1  2  3  4  5  6  7  8  9 10 11 |
---------------+----------------------------------+-----
Fighting       | 1 2 3 4 5 6 7 |  7.8
Spellcasting   | 3 4 5 6 8 9 10 11 | 11.1
Ice Magic      | 5 6 8 10 11 | 11.2
Short Blades   | 2 3 |  3.9
Dodging        | 3 |  3.9
Conjurations   | 1 |  1.2
Shields        | 1 |  1.3
Stealth        | |  2.6

Action                   |  1- 3 |  4- 6 |  7- 9 | 10-12 || total
-------------------------+-------+-------+-------+-------++-------
Melee: Short sword       |    17 |    60 |   250 |    94 ||   421
 Cast: Freeze            |    34 |    26 |    24 |    29 ||   113
       Frozen Ramparts   |       |     8 |    63 |    44 ||   115
       Ozocubu's Armour  |       |       |    10 |    17 ||    27
       Hailstorm         |       |       |     4 |    26 ||    30
  Use: Scroll            |       |       |     8 |     2 ||    10
       Potion            |       |       |     3 |       ||     3
 Stab: Sleeping          |     8 |    21 |     4 |       ||    33
       Distracted        |       |     2 |     1 |       ||     3
Armor: Robe              |     3 |     9 |    84 |    53 ||   149
       Leather armour    |       |       |    26 |       ||    26
Dodge: Dodged            |    27 |    41 |   198 |    88 ||   354
Block: Other             |       |       |     7 |    12 ||    19

Table legend: (Time is in decaauts)
 A = Elapsed time spent in this place.
 B = Non-inter-level travel time spent in this place.
 C = Inter-level travel time spent in this place.
 D = Time resting spent in this place.
 E = Time spent auto-exploring this place.
 F = Levels seen in this place.
 G = Mean time per level.
                   A        B        C        D        E       F      G
               +--------+--------+--------+--------+--------+-----+--------+
         Total |  14423 |  13854 |    569 |   2806 |   9254 |  11 | 1311.2 |
       Dungeon |  14031 |  13488 |    543 |   2782 |   8970 |   9 | 1559.0 |
        Temple |    310 |    284 |     26 |      0 |    284 |   1 |  310.0 |
          Lair |     81 |     81 |      0 |     24 |      0 |   1 |   81.0 |
               +--------+--------+--------+--------+--------+-----+--------+

Top non-repeatable levels by time:
     D:7: 2460 daAuts
     D:9: 1907 daAuts
     D:8: 1895 daAuts
     D:4: 1786 daAuts
     D:1: 1342 daAuts
     D:3: 1265 daAuts
     D:2: 1183 daAuts
     D:6: 1109 daAuts
     D:5: 1081 daAuts
  Temple: 310 daAuts
  Lair:1: 81 daAuts
